 Dungeon Crawl Stone Soup version 0.22-a0-830-gf552829 (webtiles) character file.

67362 zeroarcanus the Basher (level 14, -8/109 HPs)
             Began as a Demonspawn Abyssal Knight on July 24, 2018.
             Was the Champion of Lugonu.
             Mangled by Rupert
             ... wielding a +0 great mace of holy wrath
              (14 damage)
             ... on level 14 of the Dungeon.
             The game lasted 02:17:20 (27208 turns).

zeroarcanus the Basher (Demonspawn Abyssal Knight) Turns: 27208, Time: 02:17:20

Health: -8/109     AC: 27    Str: 18    XL:     14   Next: 82%
Magic:  0/19       EV: 15    Int: 13    God:    Lugonu [******]
Gold:   890        SH: 11    Dex: 23    Spells: 13/13 levels left

rFire    + + +     SeeInvis +   v - +9 mace of Understanding {freeze, rF+ Dex+6 SInv}
rCold    + + .     Gourm    .   a - +3 buckler {AC+3}
rNeg     . . .     Faith    .   U - +2 chain mail {rC+}
rPois    .         Spirit   +   z - +2 hat
rElec    .         Reflect  .   y - +1 cloak
rCorr    .         Harm     .   j - +3 pair of gloves of the Endless Expanse {rF+ Str+2}
MR       +....                  (boots unavailable)
Stlth    +.........             (no amulet)
HPRegen  0.68/turn              h - ring of protection from fire
MPRegen  0.32/turn              o - +4 ring of dexterity

@: no status effects
A: talons 3, molten scales 2, cold resistance 1, demonic guardian 1,
regeneration 1, weak 1, magic shield, magic regeneration, magic link
a: Depart the Abyss, Bend Space, Banish, Corrupt, Enter the Abyss, Brand Weapon
With Distortion, Renounce Religion


You were on level 14 of the Dungeon.
You worshipped Lugonu.
Lugonu was exalted by your worship.
You were hungry.

You visited 2 branches of the dungeon, and saw 20 of its levels.
You visited the Abyss 1 time.
You also visited: Ice Cave and Volcano.

You collected 1392 gold pieces.
You spent 502 gold pieces at shops.

Inventory:

Hand Weapons
 v - the +9 mace of Understanding (weapon) {freeze, rF+ Dex+6 SInv}
   (You found it on level 11 of the Dungeon)

   It has been specially enchanted to freeze those struck by it, causing extra
   injury to most foes and up to half again as much damage against particularly
   susceptible opponents.
   It can also slow down cold-blooded creatures.
   It affects your dexterity (+6).
   It protects you from fire.
   It lets you see invisible.
Armour
 a - a +3 buckler of protection (worn)
 j - the +3 pair of gloves of the Endless Expanse (worn) {rF+ Str+2}
   (You found it on level 3 of the Lair of Beasts)

   It affects your strength (+2).
   It protects you from fire.
 y - a +1 cloak (worn)
 z - a +2 hat (worn)
 U - a +2 chain mail of cold resistance (worn)
Jewellery
 h - a ring of protection from fire (left hand)
 o - a +4 ring of dexterity (right hand)
Wands
 k - a wand of flame (18)
 t - a wand of iceblast (40)
 D - a wand of random effects (37)
 J - a wand of paralysis (9)
 K - a wand of disintegration (3)
 N - a wand of acid (6)
 Q - a wand of digging (10)
Scrolls
 b - 4 scrolls of immolation
 f - 4 scrolls of magic mapping
 g - 8 scrolls of remove curse
 i - 4 scrolls of blinking
 l - 4 scrolls of teleportation
 r - 2 scrolls of amnesia
 s - 3 scrolls of enchant weapon
 B - a scroll of random uselessness {unknown}
 E - 5 scrolls of fear
 F - 2 scrolls of noise {unknown}
 I - 2 scrolls of summoning
 M - 3 scrolls of brand weapon
 P - a scroll of fog {unknown}
Potions
 d - 5 potions of flight
 e - 2 potions of cancellation
 m - 4 potions of heal wounds
 n - 3 potions of berserk rage
 p - 3 potions of resistance
 q - 6 potions of brilliance
 u - a potion of invisibility {unknown}
 w - 7 potions of curing
 x - 4 potions of magic
 A - a potion of might {unknown}
 C - 5 potions of agility
 H - a potion of experience {unknown}
 L - a potion of haste {unknown}
 R - a potion of lignification {unknown}
Comestibles
 c - 24 rations
 G - a chunk of flesh


   Skills:
 + Level 9.9 Fighting
 + Level 12.9 Maces & Flails
 + Level 8.0 Armour
 * Level 11.7 Dodging
 + Level 6.8 Stealth
 * Level 9.9 Shields
 + Level 7.4 Invocations
 + Level 3.0 Evocations


You had 13 spell levels left.
You didn't know any spells.
Your spell library contained the following spells:

 Spells                   Type           Power        Failure   Level  Hunger
 Cause Fear               Hex            #.........   100%        4    #####..
 Magic Dart               Conj           #...         96%         1    ##.....
 Slow                     Hex            #.......     99%         2    ###....
 Confuse                  Hex            #.......     100%        3    ####...
 Iskenderun's Mystic Bla  Conj           #.......     100%        4    #####..
 Regeneration             Chrm/Necr      #.........   100%        3    ####...
 Tukima's Dance           Hex            #.......     100%        3    ####...
 Confusing Touch          Hex            #.....       96%         1    ##.....
 Ensorcelled Hibernation  Hex/Ice        #.....       99%         2    ###....
 Metabolic Englaciation   Hex/Ice        #.........   100%        5    ######.
 Corona                   Hex            #......      96%         1    ##.....
 Portal Projectile        Hex/Tloc       #.....       100%        3    ####...
 Petrify                  Tmut/Erth      #.......     100%        4    #####..
 Leda's Liquefaction      Hex/Erth       #.........   100%        4    #####..
 Shroud of Golubria       Chrm/Tloc      #.........   99%         2    ###....
 Inner Flame              Hex/Fire       #.......     100%        3    ####...
 Fulminant Prism          Conj/Hex       #.........   100%        4    #####..
 Dazzling Spray           Conj/Hex       #.....       100%        3    ####...
 Force Lance              Conj/Tloc      #.......     100%        4    #####..
 Infusion                 Chrm           #...         96%         1    ##.....
 Song of Slaying          Chrm           #.......     99%         2    ###....
 Spectral Weapon          Hex/Chrm       #.......     100%        3    ####...
 Searing Ray              Conj           #.....       99%         2    ###....
 Gell's Gravitas          Tloc           #.........   100%        3    ####...
 Yara's Violent Unravell  Hex/Tmut       #.........   100%        5    ######.


Dungeon Overview and Level Annotations

Branches:
Dungeon (14/15)            Temple (0/1) D:5            Lair (6/6) D:8
 Shoals (0/4) Lair:3        Snake (0/4) Lair:4        Slime (0/5) Lair:5
    Orc (0/2) D:12         Vaults (0/5) D:14

Altars:
Ashenzari
Cheibriados
Fedhas
Makhleb
Okawaru
Ru
Zin
The Shining One

Shops:
D:4 ***

Annotations:
D:13 corrupted
D:14 Rupert


Innate Abilities, Weirdness & Mutations

You have claws for feet.
You are mostly covered in molten scales. (AC +3)
Your flesh is cold resistant. (rC+)
A weak demonic guardian rushes to your aid.
When hurt, damage is shared between your health and your magic reserves.
You regenerate magic rapidly.
When low on magic, you restore magic in place of health.
Your natural rate of healing is unusually fast.
You are weak. (Str -2)


Message History

Your chain mail prevents you from hitting Rupert.
Rupert is almost dead.
Rupert hits you with a great mace of holy wrath!!
* * * LOW HITPOINT WARNING * * *
You convulse.
* * * LOW HITPOINT WARNING * * *
Press: ? - help, Shift-Dir - straight line, f/p - Rupert
Aim: Rupert, wielding a great mace of holy wrath and wearing a leather armour (almost dead, berserk, fast, unusually strong, chance to defeat MR: 22%) Rupert resists with almost no effort.
You are feeling hungry.
You block Rupert's attack. Rupert barely misses you.
Okay, then.
As you read the scroll of fear, it crumbles to dust.
You assume a fearsome visage.
Rupert misses you.
You bludgeon Rupert!! You freeze Rupert.
Rupert is almost dead.
Rupert hits you with a great mace of holy wrath!!
* * * LOW HITPOINT WARNING * * *
You convulse!
You die...

# ........................# #
≈≈≈≈≈.≈≈≈≈≈.≈≈≈≈≈.≈≈≈≈≈..###
###..≈# ≈.≈###≈.≈###≈.≈###≈..>..
.....≈# ≈.≈ #≈.≈# #≈.≈# #≈.....
####.≈###≈.≈###≈.≈###≈.≈###≈.....
# #.≈≈≈≈≈.≈≈≈≈≈.≈≈≈≈≈.≈≈≈≈≈....#
# #............................#
# ##[≈≈≈≈≈.≈≈≈≈≈@≈≈≈≈≈.≈≈≈≈≈....#
###..≈# # .≈ #≈@≈###≈.≈###≈....#
...†.≈# #≈.≈ #≈.≈# #≈.≈# #≈.....
.....≈###≈.≈###≈(≈###≈.≈###≈.....
.....≈≈≈≈≈.≈≈≈≈≈(≈≈≈≈≈.≈≈≈≈≈.####
.................(.(.........####
.....≈≈≈≈≈.≈≈≈≈≈(≈≈≈≈≈(≈≈≈≈≈.....
####.≈###≈.≈###≈.≈###≈.≈###≈.....
# #.≈# #≈.≈ #≈.≈# #≈.≈# #≈..... #
#.≈###≈.≈ ##≈.≈###≈.≈###≈.....


You could see Rupert (berserk).

Vanquished Creatures
  Nessos (Lair:5)
  A vault guard (D:14)
  A catoblepas (D:14)
  4 hydras
  2 centaur warriors
  6 two-headed ogres
  3 death yaks (Lair:6)
  A hell hog (Volcano)
  Nergalle (Lair:4)
  A phantasmal warrior (D:14)
  A wolf spider zombie (D:14)
  6 ugly things
  4 cyclopes
  2 salamanders (Volcano)
  6 elephants (Lair:6)
  2 manticores
  A black mamba (Lair:6)
  9 spiny frogs
  11 komodo dragons
  A kobold demonologist (D:14)
  5 trolls
  2 ice devils (Lair:2)
  A tengu conjurer (D:13)
  5 polar bears
  4 hornets (Lair:6)
  2 dream sheep (Lair:6)
  6 blink frogs
  7 slime creatures
  11 hippogriffs
  14 spriggans
  A wraith (D:10)
  3 wyverns
  A water elemental (D:14)
  A hog (D:13)
  33 yaks
  4 basilisks
  3 hungry ghosts
  2 fire bats (Volcano)
  A steam dragon (D:10)
  4 wargs (D:13)
  A hell hound (D:8)
  2 soldier ants
  An acid dragon (D:12)
  14 water moccasins
  5 porcupines
  11 ice beasts
  11 orc warriors
  3 phantoms
  3 sky beasts
  8 ogres
  5 black bears
  3 necrophages
  33 wolves
  16 centaurs
  3 boggarts (Lair:6)
  5 big kobolds
  10 crocodiles
  4 gnoll sergeants (D:12)
  14 bullfrogs
  2 wyvern zombies
  2 scorpions
  16 killer bees
  7 wights
  4 electric eels
  3 centaur zombies
  4 crimson imps
  2 howler monkeys
  3 quasits
  10 orc wizards
  4 bullfrog skeletons
  8 orc priests
  3 centaur skeletons
  4 hounds
  9 jellies
  7 iguanas
  20 worker ants
  2 hound zombies (D:7)
  2 hound skeletons (D:4)
  A howler monkey skeleton (D:8)
  A worker ant zombie (D:6)
  9 gnolls
  9 adders
  A shadow imp (D:12)
  8 oozes
  2 adder zombies
  4 adder skeletons
  4 worms
  A dart slug (D:1)
  7 leopard geckos
  53 orcs
  2 ball pythons (D:6)
  5 giant cockroaches
  10 goblins
  9 hobgoblins
  12 jackals
  17 kobolds
  3 quokkas
  6 bats
  4 frilled lizards
  A leopard gecko skeleton (D:7)
  7 rats
614 creatures vanquished.

Vanquished Creatures (collateral kills)
  2 hydras
  3 spiny frogs
  5 blink frogs
  A slime creature (D:12)
  2 hippogriffs
  A yak (Lair:3)
  A phantom (D:6)
  An ice beast (IceCv)
  A black bear (Lair:6)
  3 wolves
  A bullfrog (Lair:3)
  A scorpion (D:4)
  A crimson imp (D:6)
  A jelly (D:7)
  A hound (D:9)
  An adder (D:4)
  A gnoll (D:3)
  An adder skeleton (D:4)
  3 orcs
  2 jackals (D:3)
  A kobold (D:12)
  A quokka zombie (D:8)
  2 butterflies
  A fungus (Lair:3)
38 creatures vanquished.

Vanquished Creatures (others)
  Kirke (D:13)
  A two-headed ogre (D:9)
  A death yak (Lair:6)
  A manticore (D:13)
  2 ugly things (IceCv)
  2 black mambas (Lair:1)
  2 ice statues (IceCv)
  A hippogriff (D:7)
  A wraith (D:10)
  A human (D:13)
  3 hogs (D:13)
  Menkaure (D:5)
  A soldier ant (D:13)
  A hell hound (D:8)
  An orc warrior (D:7)
  A jelly (D:13)
  An orc wizard (D:13)
  3 orcs (D:13)
  9 fungi
  7 plants
  8 starspawn tentacles
49 creatures vanquished.

Grand Total: 701 creatures vanquished

Notes
Turn   | Place    | Note
-------+----------+-------------------------------------------
     0 | Abyss:1  | zeroarcanus the Demonspawn Abyssal Knight began the quest for the Orb.
     0 | Abyss:1  | Reached XP level 1. HP: 18/18 MP: 2/2
     4 | D:1      | Escaped the Abyss
    35 | D:1      | Reached * piety under Lugonu
   160 | D:1      | Reached skill level 1 in Dodging
   160 | D:1      | Gained mutation: A weak demonic guardian rushes to your aid. [demonic ancestry]
   160 | D:1      | Reached XP level 2. HP: 22/24 MP: 3/3
   294 | D:1      | Reached skill level 2 in Maces & Flails
   427 | D:1      | Gained mutation: When hurt, damage is shared between your health and your magic reserves. [demonic ancestry]
   427 | D:1      | Reached XP level 3. HP: 23/29 MP: 5/5
  1704 | D:3      | Gained mutation: You have sharp toenails. [demonic ancestry]
  1704 | D:3      | Reached XP level 4. HP: 24/35 MP: 3/6
  1814 | D:3      | Found an iron altar of Okawaru.
  1814 | D:3      | Found a shattered altar of Ashenzari.
  1867 | D:3      | Reached ** piety under Lugonu
  2102 | D:3      | Reached skill level 3 in Maces & Flails
  2731 | D:4      | Noticed a phantom
  2744 | D:4      | Killed a phantom
  2744 | D:4      | Gained mutation: You regenerate magic rapidly. [demonic ancestry]
  2744 | D:4      | Reached XP level 5. HP: 24/42 MP: 4/7
  2869 | D:4      | Found Kiasti's Assorted Antiques.
  2872 | D:4      | Noticed a centaur
  2883 | D:4      | Killed a centaur
  2883 | D:4      | Reached skill level 4 in Maces & Flails
  2883 | D:4      | Reached XP level 6. HP: 35/48 MP: 4/8
  2884 | D:4      | Found a blossoming altar of Fedhas.
  3096 | D:4      | HP: 2/48 [poisoned by a worker ant]
  3100 | D:4      | Bought a coppery potion for 21 gold pieces
  3100 | D:4      | Bought a coppery potion for 21 gold pieces
  3100 | D:4      | Bought a viscous pink potion for 21 gold pieces
  3870 | D:4      | Gained mutation: You are somewhat resistant to further mutation. [potion of mutation]
  3971 | D:4      | Lost mutation: You are somewhat resistant to further mutation. [potion of mutation]
  3971 | D:4      | Gained mutation: Your body sometimes deteriorates upon taking damage. [potion of mutation]
  3971 | D:4      | Gained mutation: You have a pair of small horns on your head. [potion of mutation]
  4022 | D:4      | Gained mutation: You have razor-sharp toenails. [demonic ancestry]
  4022 | D:4      | Reached XP level 7. HP: 15/54 MP: 5/9
  4243 | D:4      | Found Haarin's Assorted Antiques.
  4631 | D:4      | Found Soarokka's General Store.
  4777 | D:5      | Entered Level 5 of the Dungeon
  4796 | D:5      | Found a staircase to the Ecumenical Temple.
  4871 | D:5      | Noticed Menkaure
  5191 | D:6      | Reached skill level 1 in Stealth
  5266 | D:6      | Reached skill level 5 in Maces & Flails
  5449 | D:6      | Reached *** piety under Lugonu
  5604 | D:6      | Gained mutation: You have claws for feet. [demonic ancestry]
  5604 | D:6      | Reached XP level 8. HP: 20/61 MP: 4/10
  6334 | D:7      | Reached skill level 6 in Maces & Flails
  6360 | D:7      | Noticed a hippogriff
  6368 | D:7      | Banished a hippogriff
  6999 | D:7      | Reached skill level 5 in Fighting
  7704 | D:8      | Gained mutation: You are partially covered in molten scales. (AC +2) [demonic ancestry]
  7704 | D:8      | Reached XP level 9. HP: 47/68 MP: 9/12
  7720 | D:8      | Reached skill level 5 in Dodging
  7888 | D:8      | Found a staircase to the Lair.
  7940 | D:8      | Noticed a two-headed ogre
  7946 | D:8      | Killed a two-headed ogre
  7946 | D:8      | Reached skill level 7 in Maces & Flails
  7946 | D:8      | Reached skill level 5 in Armour
  7946 | D:8      | Reached skill level 1 in Evocations
  8068 | D:8      | Noticed a two-headed ogre
  8562 | D:9      | Noticed a two-headed ogre
  8563 | D:9      | Banished a two-headed ogre
  8563 | D:9      | Reached skill level 8 in Maces & Flails
  8563 | D:9      | Reached skill level 5 in Invocations
  8787 | D:9      | Reached XP level 10. HP: 69/76 MP: 13/13
  8795 | D:9      | Found a glowing silver altar of Zin.
  9356 | D:10     | Entered Level 10 of the Dungeon
  9708 | D:10     | Reached **** piety under Lugonu
 10518 | D:10     | Reached skill level 9 in Maces & Flails
 11078 | D:11     | Noticed a cyclops
 11078 | D:11     | Noticed a brown ugly thing
 11505 | D:8      | Killed a two-headed ogre
 11514 | D:8      | Gained mutation: Your flesh is cold resistant. (rC+) [demonic ancestry]
 11514 | D:8      | Reached XP level 11. HP: 76/83 MP: 15/15
 11754 | D:8      | Reached ***** piety under Lugonu
 11788 | Lair:1   | Entered Level 1 of the Lair of Beasts
 12229 | Lair:1   | Noticed a seven-headed hydra
 12240 | Lair:1   | Killed a seven-headed hydra
 13578 | D:5      | Killed Menkaure
 13677 | D:5      | Found a glowing golden altar of the Shining One.
 13685 | D:5      | Found a burning altar of Makhleb.
 13685 | D:5      | Found a sacrificial altar of Ru.
 13688 | D:5      | Found a snail-covered altar of Cheibriados.
 13840 | D:4      | Bought a glowing buckler for 187 gold pieces
 14187 | D:4      | Bought 3 scrolls labeled KOARIE TITRI for 72 gold pieces
 14187 | D:4      | Bought a pair of glowing gloves for 180 gold pieces
 14532 | Lair:1   | Reached skill level 1 in Shields
 14822 | Lair:1   | Noticed a four-headed hydra
 14828 | Lair:1   | Banished a four-headed hydra
 15093 | Lair:1   | Reached skill level 10 in Maces & Flails
 15217 | Lair:2   | Found a frozen archway.
 15368 | IceCv    | Entered an ice cave
 15368 | IceCv    | Noticed a white ugly thing
 15369 | IceCv    | Banished a white ugly thing
 15376 | IceCv    | Found a transporter.
 15410 | IceCv    | Noticed a white ugly thing
 15412 | IceCv    | Corrupted IceCv
 15412 | IceCv    | Noticed a tentacled starspawn
 15412 | IceCv    | Noticed a starcursed mass
 15412 | IceCv    | Noticed a sixfirhy
 15414 | IceCv    | Found a transporter.
 15419 | IceCv    | Killed a white ugly thing
 16338 | Lair:3   | Found a dark tunnel.
 16339 | Lair:3   | Got a pair of encrusted gloves
 16348 | Lair:3   | Identified the +3 pair of gloves of the Endless Expanse {rF+ Str+2} (You found it on level 3 of the Lair of Beasts)
 16362 | Volcano  | Entered a volcano
 16373 | Volcano  | Noticed a two-headed ogre
 16385 | Volcano  | Killed a two-headed ogre
 16385 | Volcano  | Gained mutation: When low on magic, you restore magic in place of health. [demonic ancestry]
 16385 | Volcano  | Reached XP level 12. HP: 91/91 MP: 15/17
 16393 | Volcano  | Reached skill level 5 in Stealth
 16394 | Volcano  | Noticed a hell hog
 16415 | Volcano  | Killed a hell hog
 16821 | Lair:3   | Found a staircase to the Shoals.
 17211 | Lair:3   | Reached skill level 11 in Maces & Flails
 17822 | Lair:4   | Noticed Nergalle
 17839 | Lair:4   | Killed Nergalle
 18070 | Lair:4   | Found a staircase to the Snake Pit.
 18117 | Lair:4   | Reached skill level 5 in Shields
 18180 | Lair:4   | You fall through a shaft for 2 floors!
 18180 | Lair:6   | Entered Level 6 of the Lair of Beasts
 18183 | Lair:6   | Noticed a four-headed hydra
 18198 | Lair:6   | Killed a four-headed hydra
 18211 | Lair:5   | Noticed a death yak
 18211 | Lair:5   | Noticed a death yak
 18211 | Lair:5   | Noticed a death yak
 18211 | Lair:5   | Noticed a death yak
 18215 | Lair:6   | Banished a death yak
 18227 | Lair:6   | Killed a death yak
 18227 | Lair:6   | Reached skill level 10 in Dodging
 18364 | Lair:6   | Noticed a seven-headed hydra
 18391 | Lair:6   | Reached XP level 13. HP: 68/99 MP: 14/18
 19834 | Lair:6   | Reached skill level 12 in Maces & Flails
 21184 | Lair:5   | Found a staircase to the Slime Pits.
 21667 | Lair:5   | Lost mutation: You have a pair of small horns on your head. [potion of mutation]
 21667 | Lair:5   | Lost mutation: Your body sometimes deteriorates upon taking damage. [potion of mutation]
 21667 | Lair:5   | Gained mutation: You are weak. (Str -2) [potion of mutation]
 21667 | Lair:5   | Gained mutation: Your natural rate of healing is unusually fast. [potion of mutation]
 21778 | Lair:5   | Noticed Nessos
 21810 | Lair:5   | Killed Nessos
 21810 | Lair:5   | Gained mutation: You are mostly covered in molten scales. (AC +3) [demonic ancestry]
 21810 | Lair:5   | Reached XP level 14. HP: 51/108 MP: 15/19
 22509 | Lair:4   | Got a turquoise-encrusted ring mail
 22510 | Lair:4   | Identified the +3 ring mail of the Gravedigger {rPois rF+} (You found it on level 4 of the Lair of Beasts)
 22587 | Lair:4   | You fall through a shaft!
 22989 | Lair:4   | Got a faintly humming ring mail
 23024 | Lair:2   | Identified the +4 ring mail "Aclyakk" {-Cast rF- Int+8 Stlth+} (You found it on level 4 of the Lair of Beasts)
 23246 | D:11     | Reached ****** piety under Lugonu
 23328 | D:11     | Got an iridescent mace
 23330 | D:11     | Identified the +9 mace of Understanding {freeze, rF+ Dex+6 SInv} (You found it on level 11 of the Dungeon)
 24085 | D:12     | Found a staircase to the Orcish Mines.
 25015 | D:13     | Noticed Kirke
 25083 | D:13     | Corrupted D:13
 25083 | D:13     | Noticed a starcursed mass
 25090 | D:13     | Killed Kirke
 25253 | D:13     | Noticed a red draconian annihilator
 25258 | D:13     | Got a distressingly furry chain mail
 25797 | D:13     | Identified the +4 chain mail of Shadows and Fog {rPois} (You found it on level 13 of the Dungeon)
 26552 | D:14     | Found a gate to the Vaults.
 27172 | D:14     | Noticed Rupert
 27208 | D:14     | Mangled by Rupert

Vault maps used:
D:1:      sevenhm_arrival_forest_fort_large_4
D:3:      nicolae_overflow_hidden_temple, first_ration
D:4:      fedhas_bush_and_centaur_altar, serial_shops, nicolae_shop_crystal,
          shop, nicolae_shop_behind_doors
D:5:      minitemple, lemuel_temple_firewalk_b, uniq_menkaure
D:6:      portal_sewer_entry_b
D:8:      minmay_lair_entry_lava
D:9:      lemuel_doored_altar
D:10:     hangedman_little_slice_of_home
D:11:     lab_entry_generic, minmay_misc_feat_chi, minivault_4
D:12:     kennysheep_orc_monster_closet_entryway
D:13:     nooodl_orcs_dogs, uniq_kirke
D:14:     david_vaults_4, kennysheep_boxes, uniq_rupert
Lair:1:   beast_lair_carwin_large_1, minivault_27, hangedman_lair_generics_rect
Lair:2:   portal_ice_cave_demonic_guard
Lair:3:   minmay_shoals_entry_beasts, nicolae_volcano_entry_hallway,
          serial_bayou_pond_d, grunt_megastairs_1, lemuel_fruit_fields,
          lemuel_fruit_fields, serial_bayou_shore_b, serial_bayou_shore_a
Lair:4:   dummy_snake_entry, minivault_23, grunt_forest_stairs_clearing,
          uniq_nergalle
Lair:5:   nicolae_slime_entry_slimehenge, serial_bayou_lagoon_b, uniq_nessos
Lair:6:   minmay_lair_end_enchanted_forest, lemuel_fruit_fields
IceCv:    ice_cave_statue_garden_transporter
Volcano:  volcano_village

Skill      XL: |  1  2  3  4  5  6  7  8  9 10 11 12 13 14 |
---------------+-------------------------------------------+-----
Dodging        | 1 2 3 4 6 7 9 10 11 | 11.7
Armour         | 2 3 4 5 6 7 8 |  8.0
Maces & Flails | 2 3 4 5 6 8 9 10 11 12 | 12.9
Fighting       | 4 5 6 7 8 9 |  9.9
Stealth        | 1 2 3 4 6 |  6.8
Invocations    | 3 4 5 6 7 |  7.4
Evocations     | 2 3 |  3.0
Shields        | 3 5 8 9 |  9.9

Action                   |  1- 3 |  4- 6 |  7- 9 | 10-12 | 13-15 || total
-------------------------+-------+-------+-------+-------+-------++-------
Melee: Mace              |   125 |   155 |   369 |   228 |   528 ||  1405
       Kick              |       |    35 |    87 |   326 |   496 ||   944
       Headbutt          |       |     2 |    61 |   224 |   152 ||   439
       Flail             |       |       |       |   649 |   623 ||  1272
       Unarmed           |       |       |       |       |    26 ||    26
Invok: Depart the Abyss  |     1 |       |       |       |       ||     1
       Bend Space        |       |       |     4 |       |     2 ||     6
       Banish            |       |       |     5 |     7 |     1 ||    13
       Corrupt           |       |       |       |     1 |     1 ||     2
Evoke: Wand              |       |     3 |    14 |    22 |    11 ||    50
  Use: Potion            |       |     8 |       |       |     1 ||     9
       Scroll            |       |     2 |     1 |    16 |    15 ||    34
 Stab: Sleeping          |       |       |     9 |     5 |    12 ||    26
       Distracted        |       |       |     1 |     8 |    11 ||    20
       Paralysed         |       |       |       |    13 |       ||    13
  Eat: Chunk             |     2 |     5 |    15 |    24 |    38 ||    84
       Ration            |       |     1 |     1 |     3 |     1 ||     6
Armor: Leather armour    |    41 |    20 |     2 |       |       ||    63
       Ring mail         |       |       |   144 |   295 |   281 ||   720
       Chain mail        |       |       |       |       |    54 ||    54
Dodge: Dodged            |    68 |    90 |   267 |   647 |   726 ||  1798
Block: Buckler           |       |       |       |   180 |   551 ||   731

Table legend:
 A = Spawn XP
 B = Non-spawn XP
 C = Spawn XP percentage of total XP
 D = Spawn monster count
 E = Non-spawn monster count
 F = Spawn count percentage of total count
 G = Total turns spent on level
                    A         B        C        D         E        F      G
               +---------+---------+-------+---------+---------+-------+---------
         Total |       0 |   96232 |   0.0 |       0 |     663 |   0.0 | 27208
               +---------+---------+-------+---------+---------+-------+---------
           D:1 |       0 |      43 |   0.0 |       0 |      23 |   0.0 |   666
           D:2 |       0 |      51 |   0.0 |       0 |      21 |   0.0 |  1024
           D:3 |       0 |      89 |   0.0 |       0 |      22 |   0.0 |  1003
           D:4 |       0 |     676 |   0.0 |       0 |      24 |   0.0 |  2486
           D:5 |       0 |     273 |   0.0 |       0 |      11 |   0.0 |   928
           D:6 |       0 |     795 |   0.0 |       0 |      30 |   0.0 |  1483
           D:7 |       0 |    1379 |   0.0 |       0 |      31 |   0.0 |  1460
           D:8 |       0 |    3588 |   0.0 |       0 |      36 |   0.0 |  1810
           D:9 |       0 |    2059 |   0.0 |       0 |      25 |   0.0 |  1363
          D:10 |       0 |    3243 |   0.0 |       0 |      40 |   0.0 |  1462
          D:11 |       0 |    5210 |   0.0 |       0 |      39 |   0.0 |   676
          D:12 |       0 |    7443 |   0.0 |       0 |      74 |   0.0 |  1184
          D:13 |       0 |    8197 |   0.0 |       0 |      41 |   0.0 |   995
          D:14 |       0 |    9231 |   0.0 |       0 |      24 |   0.0 |  1211
        Lair:1 |       0 |    5232 |   0.0 |       0 |      22 |   0.0 |  1543
        Lair:2 |       0 |    3134 |   0.0 |       0 |      11 |   0.0 |  1068
        Lair:3 |       0 |    6786 |   0.0 |       0 |      37 |   0.0 |  1076
        Lair:4 |       0 |    4122 |   0.0 |       0 |      16 |   0.0 |   964
        Lair:5 |       0 |    3634 |   0.0 |       0 |      15 |   0.0 |  1122
        Lair:6 |       0 |   26770 |   0.0 |       0 |     104 |   0.0 |  3123
         IceCv |       0 |     856 |   0.0 |       0 |       8 |   0.0 |   152
       Volcano |       0 |    3421 |   0.0 |       0 |       9 |   0.0 |   405
               +---------+---------+-------+---------+---------+-------+---------
